 Dungeon Crawl Stone Soup version 0.22-a0-460-g49b1da7 (webtiles) character file.

589 4thArraOfDagon the Carver (level 7, -4/64 HPs)
             Began as a Minotaur Monk on June 9, 2018.
             Was a Believer of Ashenzari.
             Slain by a killer bee (7 damage)
             ... on level 8 of the Dungeon.
             The game lasted 00:04:57 (1023 turns).

4thArraOfDagon the Carver (Minotaur Monk)           Turns: 1023, Time: 00:04:58

Health: -4/64      AC:  5    Str: 21    XL:     7   Next: 15%
Magic:  6/6        EV: 12    Int:  9    God:    Ashenzari [**....]
Gold:   105        SH:  0    Dex: 12    Spells: 6/6 levels left

rFire    . . .     SeeInvis +   a - +0 falchion
rCold    . . .     Gourm    .   (no shield)
rNeg     . . .     Faith    +   d - +0 ring mail
rPois    .         Spirit   .   (helmet restricted)
rElec    .         Reflect  .   (no cloak)
rCorr    .         Harm     .   (no gloves)
MR       .....                  (no boots)
Stlth    +.........             e - amulet of faith
HPRegen  0.20/turn              f - ring of see invisible
MPRegen  0.10/turn              (no ring)

@: mighty, lethally poisoned (-4 -> -16), about to teleport
A: retaliatory headbutt, horns 2
a: Curse Item, Scrying, Renounce Religion


You were on level 8 of the Dungeon.
You worshipped Ashenzari.
Ashenzari was pleased with you.
You were not hungry.

You visited 1 branch of the dungeon, and saw 8 of its levels.

You collected 105 gold pieces.

Inventory:

Hand Weapons
 a - a +0 falchion (weapon)
 i - the +2 hand crossbow "Aforia Nuyt" {velocity, +Blink rPois Int-5 Dex+3}
   (You found it on level 6 of the Dungeon)

   Any bolt fired from it inflicts extra damage.
   It affects your intelligence (-5).
   It affects your dexterity (+3).
   It protects you from poison.
   It lets you blink.
Armour
 d - a +0 ring mail (worn)
Jewellery
 e - an amulet of faith (around neck)
 f - a ring of see invisible (left hand)
Scrolls
 b - a scroll of remove curse
 l - 2 scrolls of identify {unknown}
Comestibles
 c - 7 rations


   Skills:
 + Level 6.4 Fighting
 * Level 8.4 Long Blades
 - Level 3.2 Dodging
 - Level 1.5 Stealth


You had 6 spell levels left.
You didn't know any spells.
Your spell library was empty.

Dungeon Overview and Level Annotations

Branches:
Dungeon (8/15)
 Temple: D:4-7         Lair: D:8-11

Altars:
Ashenzari
Gozag
Uskayaw
Yredelemnul

Shops:
D:7 *


Innate Abilities, Weirdness & Mutations

You reflexively headbutt those who attack you in melee.
You have a pair of horns on your head.


Message History

As you read the scroll labeled MEMOYTUROF, it crumbles to dust.
You feel strangely unstable.
It was a scroll of teleportation.
* * * LOW HITPOINT WARNING * * *
You feel sick. The killer bee completely misses you.
You riposte.
You barely miss the killer bee. The killer bee barely misses you.
The killer bee zombie misses you. The killer bee closely misses you.
The killer bee stings you but does no damage.
The killer bee barely misses you. The killer bee misses you.
You riposte.
You barely miss the killer bee. Your headbutt misses the killer bee.
The killer bee closely misses you.
You riposte.
You miss the killer bee.
The killer bee zombie hits you but does no damage.
Unknown command.
Unknown command.
As you read the scroll labeled FUMAIC TOLAY, it crumbles to dust.
The scroll dissolves into smoke.
It was a scroll of fog.
* * * LOW HITPOINT WARNING * * *
You feel sick. The killer bee closely misses you.
You riposte.
You completely miss the killer bee. Your headbutt misses the killer bee.
The killer bee stings you!
You die...

#......### ≈
#........### *
#..........#.
####..?.........
.............# *
* *#..........#
#...§§.....#
##..yyZ....#
#..y@y....#
#..y§y<...#
#.§.§§§...#
###########


You could see 6 killer bees and a killer bee zombie.

Vanquished Creatures
  A centaur (D:6)
  3 bullfrogs
  A wyvern zombie (D:7)
  A jelly (D:5)
  3 crimson imps
  An orc priest (D:7)
  2 worker ants (D:5)
  A worker ant zombie (D:5)
  2 adders
  An ooze (D:4)
  7 orcs
  A ball python (D:2)
  A giant cockroach (D:3)
  A goblin (D:3)
  4 jackals
  3 quokkas
  A bat (D:2)
  A frilled lizard (D:2)
35 creatures vanquished.

Notes
Turn   | Place    | Note
-------+----------+-------------------------------------------
     0 | D:1      | 4thArraOfDagon the Minotaur Monk began the quest for the Orb.
     0 | D:1      | Reached XP level 1. HP: 19/19 MP: 0/0
   159 | D:3      | Reached skill level 4 in Long Blades
   202 | D:3      | Reached XP level 2. HP: 23/27 MP: 1/1
   261 | D:4      | Found a basalt altar of Yredelemnul.
   268 | D:5      | Entered Level 5 of the Dungeon
   283 | D:5      | Reached XP level 3. HP: 30/33 MP: 2/2
   292 | D:5      | Found a shattered altar of Ashenzari.
   309 | D:5      | Reached skill level 5 in Long Blades
   312 | D:5      | Became a worshipper of Ashenzari the Shackled
   312 | D:5      | Reached * piety under Ashenzari
   312 | D:5      | Reached ** piety under Ashenzari
   493 | D:5      | Reached XP level 4. HP: 30/41 MP: 3/3
   553 | D:6      | Noticed a bullfrog
   568 | D:6      | HP: 2/41 [bullfrog (6)]
   569 | D:6      | Killed a bullfrog
   569 | D:6      | Reached skill level 5 in Fighting
   569 | D:6      | Reached skill level 6 in Long Blades
   569 | D:6      | Reached XP level 5. HP: 3/48 MP: 4/4
   614 | D:7      | Found an opulent altar of Gozag.
   614 | D:7      | Found Gozag's Platinum Reserve.
   683 | D:6      | Noticed a centaur
   690 | D:6      | Killed a centaur
   690 | D:6      | Reached skill level 7 in Long Blades
   690 | D:6      | Reached XP level 6. HP: 8/56 MP: 5/5
   696 | D:6      | Found a hide-covered altar of Uskayaw.
   800 | D:6      | Got the hand crossbow "Aforia Nuyt" {velocity, +Blink rPois Int-5 Dex+3}
   998 | D:7      | Reached skill level 8 in Long Blades
  1000 | D:7      | Reached XP level 7. HP: 30/63 MP: 6/6
  1022 | D:8      | HP: 3/64 [poisoned by a killer bee]
  1023 | D:8      | Slain by a killer bee

Vault maps used:
D:1:      matt_arrival_refuge, serial_bayou, serial_bayou_shore_b,
          serial_bayou_lagoon_a, serial_bayou_pond_a
D:2:      nicolae_overflow_hidden_temple, first_ration, uniq_jessica
D:3:      lemuel_doored_altar, old_standard_altar, uniq_ijyb
D:4:      kennysheep_vampire_church, yredelemnul_altar_generic,
          serial_bayou_pond_d
D:5:      makhleb_blood_cavern_becter, old_standard_altar, old_standard_altar,
          overflow_temple_1_default, kennysheep_windowed_goal
D:6:      eat_drink_and_be_merry_uskayaw, minmay_temple_entry_trees
D:7:      vehumet_statue, nicolae_gozag_zags_fifth_avenue, minmay_misc_feat_x,
          hex_medium
D:8:      marbit_many_paths, nicolae_ossuary_entry_false_entrances,
          kennysheep_generic_room_9

Skill      XL: |  1  2  3  4  5  6 |
---------------+-------------------+-----
Long Blades    | 4 5 6 7 8 |  8.4
Fighting       | 4 5 6 |  6.4
Dodging        | |  3.2
Stealth        | |  1.5

Action                   |  1- 3 |  4- 6 |  7- 9 || total
-------------------------+-------+-------+-------++-------
Melee: Falchion          |    33 |    58 |     5 ||    96
       Headbutt          |    10 |    13 |     2 ||    25
  Use: Potion            |       |     6 |       ||     6
       Scroll            |       |       |     4 ||     4
Armor: Ring mail         |     9 |    14 |     5 ||    28
Dodge: Dodged            |    23 |    21 |    14 ||    58
       Rpst.: Falchion   |     8 |     7 |     6 ||    21

Table legend:
 A = Spawn XP
 B = Non-spawn XP
 C = Spawn XP percentage of total XP
 D = Spawn monster count
 E = Non-spawn monster count
 F = Spawn count percentage of total count
 G = Total turns spent on level
                    A         B        C        D         E        F      G
               +---------+---------+-------+---------+---------+-------+---------
         Total |       0 |     842 |   0.0 |       0 |      35 |   0.0 |  1023
               +---------+---------+-------+---------+---------+-------+---------
           D:2 |       0 |      21 |   0.0 |       0 |       6 |   0.0 |    59
           D:3 |       0 |      13 |   0.0 |       0 |       5 |   0.0 |   101
           D:4 |       0 |       7 |   0.0 |       0 |       1 |   0.0 |   113
           D:5 |       0 |     175 |   0.0 |       0 |       6 |   0.0 |   216
           D:6 |       0 |     268 |   0.0 |       0 |       6 |   0.0 |   307
           D:7 |       0 |     358 |   0.0 |       0 |      11 |   0.0 |   150
               +---------+---------+-------+---------+---------+-------+---------
